 Dungeon Crawl Stone Soup version 0.26-a0-639-g72c4674329 (webtiles) character file.

Game seed: 13006717004576576664

68167 Flugslaktarn the Warrior (level 14, -2/137 HPs)
             Began as a Minotaur Fighter on Sept 23, 2020.
             Was the Champion of Cheibriados.
             Slain by an ancient zyme (9 damage)
             ... on level 2 of the Abyss.
             The game lasted 00:08:07 (17729 turns).

Flugslaktarn the Warrior (Minotaur Fighter)        Turns: 17729, Time: 00:08:08

Health: -2/137     AC: 25    Str: 52    XL:     14   Next: 85%
Magic:  19/19      EV: 17    Int: 20    God:    Cheibriados [******]
Gold:   1117       SH: 17    Dex: 26    Spells: 13/13 levels left

rFire    . . .     SeeInvis .   a - +0 war axe
rCold    + . .     Faith    +   c - +0 kite shield
rNeg     . . .     Spirit   .   y - +2 plate armour "Neittuj" {rC+}
rPois    .         Reflect  .   (helmet restricted)
rElec    .         Harm     .   v - +0 cloak
rCorr    .         Rampage  .   z - +2 pair of gloves
MR       +....                  f - +2 pair of boots
Stlth    ..........             l - amulet of faith
HPRegen  0.00/turn              m - +6 ring of strength
MPRegen  0.16/turn              i - +6 ring of strength

@: about to teleport, non-regenerating, diseased, drained, very slow
A: retaliatory headbutt, horns 2
a: Bend Time, Temporal Distortion, Slouch, Step From Time, Renounce Religion


You were on level 2 of the Abyss.
You worshipped Cheibriados.
Cheibriados was exalted by your worship.
You visited 2 branches of the dungeon, and saw 19 of its levels.
You visited the Abyss 1 time.

You collected 1117 gold pieces.

Inventory:

Hand Weapons
 a - a +0 war axe (weapon)
Missiles
 D - 2 throwing nets (quivered)
Armour
 c - a +0 kite shield (worn)
 f - a +2 pair of boots (worn)
   (You found it on level 1 of the Dungeon)
 v - a +0 cloak (worn)
   (You found it on level 10 of the Dungeon)
 y - the +2 plate armour "Neittuj" (worn) {rC+}
   (You took it off an orc warrior on level 9 of the Dungeon)

   It protects you from cold.
 z - a +2 pair of gloves (worn)
   (You found it on level 15 of the Dungeon)
Jewellery
 i - a +6 ring of strength (right hand)
   (You found it on level 5 of the Dungeon)
 j - an uncursed ring of magical power {unknown}
   (You found it on level 15 of the Dungeon)
 l - an amulet of faith (around neck)
   (You found it on level 9 of the Dungeon)
 m - a +6 ring of strength (left hand)
   (You found it on level 5 of the Dungeon)
Wands
 b - a wand of iceblast (5)
   (You found it on level 4 of the Lair of Beasts)
 p - a wand of acid (32)
   (You took it off an orc on level 7 of the Dungeon)
 u - a wand of paralysis (11)
   (You found it on level 9 of the Dungeon)
 B - a wand of digging (11)
   (You found it on level 10 of the Dungeon)
Scrolls
 k - 5 scrolls of fog
 n - 7 scrolls of magic mapping
 o - 3 scrolls of enchant armour
 r - 5 scrolls of identify
 t - 6 scrolls of teleportation
 x - 5 scrolls of remove curse
 A - 3 scrolls of enchant weapon
 F - a scroll of summoning
Potions
 d - 2 potions of might
 e - 3 potions of flight
 g - 3 potions of cancellation
 h - 2 potions of haste
 q - 7 potions of curing
 s - 2 potions of mutation
 w - a potion of brilliance
 C - 2 potions of lignification
 E - 2 potions of berserk rage
 G - 7 potions of ambrosia


   Skills:
 * Level 16.0(14.7) Fighting
 * Level 15.8(14.5) Axes
 + Level 11.9(10.7) Armour
 + Level 9.7(8.6) Dodging
 + Level 11.9(10.7) Shields
 + Level 9.0(7.9) Invocations


You had 13 spell levels left.
You didn't know any spells.
Your spell library was empty.

Dungeon Overview and Level Annotations

Branches:
Dungeon (15/15)            Temple (0/1) D:6            Lair (4/6) D:9
  Swamp (0/4) Lair:2       Spider (0/4) Lair:4          Orc (0/2) D:11
 Vaults (0/5) D:14
 Depths: D:15

Altars:
Ashenzari
Cheibriados
Okawaru
Ru
Trog
Uskayaw
Beogh


Innate Abilities, Weirdness & Mutations

You reflexively headbutt those who attack you in melee.
You have a pair of horns on your head.


Message History

You feel yourself growing ill in the presence of the ancient zyme.
You slash the large abomination! You headbutt the large abomination.
The large abomination is heavily damaged.
The large abomination closely misses you.
You furiously retaliate!
You headbutt the large abomination!!
You destroy the large abomination!
Cheibriados thoroughly appreciates the change of pace.
You feel ill.
The lurking horror explodes!
Your body is wracked with pain!
* * * LOW HITPOINT WARNING * * *
You see here 6 boomerangs.
You feel ill.
Things that are here:
a +0 dagger; an elf corpse You barely miss the ancient zyme.
You headbutt the ancient zyme, but do no damage.
The ancient zyme hits you but does no damage.
The ancient zyme hits you!
You die...

.#.. ...#. ..... .....
#... ....# #.. ...# ..
. ##.## ##.## #.# # ..
##...###...###... # .
...#.....#.....#..$..#
.........x@............
. ..#....(#.....#....
#. ##...###...## . .#
##.## ##.## #.# #.. #
...### ..# . # #X..
.#.....#. . #....
......... ...... ...
..#.....#.....#....
#... ..###...###...##
...## . #


You could see an ancient zyme and a large abomination.

Vanquished Creatures
  A revenant (Abyss:2)
  A deep elf demonologist (Abyss:2)
  Snorg (Lair:4)
  The ghost of Jaegizoku the Slinger, a journeyman HaHu of Okawaru (D:9)
  3 hydras
  Harold (D:8)
  Fannar (Lair:2)
  2 death knights
  3 centaur warriors (D:14)
  10 two-headed ogres
  An ogre mage (D:15)
  3 large abominations (Abyss:2)
  Sonja (Lair:3)
  2 skeletal warriors
  2 unseen horrors
  2 orc knights
  A phantasmal warrior (D:12)
  A wolf spider zombie (D:15)
  5 ugly things (D:14)
  A cyclops (D:14)
  2 naga magi (D:15)
  Joseph (D:8)
  A black mamba (Lair:4)
  A gargoyle (D:13)
  14 cane toads
  Psyche (D:9)
  An orange demon (Abyss:2)
  4 centaur skeletons
  An efreet (D:11)
  3 freezing wraiths
  2 kobold demonologists
  2 yaktaurs (shapeshifter)
  A rime drake (Lair:1)
  11 komodo dragons
  6 meliai
  A polar bear (shapeshifter) (D:15)
  A queen bee (D:15)
  Prince Ribbit (D:7)
  7 blink frogs
  12 hippogriffs
  2 shadows
  2 redbacks (Lair:4)
  4 wyverns
  5 wraiths
  16 humans (D:14)
  A basilisk (Lair:1)
  52 yaks
  A fire elemental (Lair:3)
  2 wargs
  2 swamp worms (Lair:2)
  A soldier ant (shapeshifter) (D:14)
  A soldier ant (D:12)
  2 acid dragons
  7 water moccasins
  9 porcupines
  9 orc warriors
  4 black bears
  3 eyes of draining
  2 phantoms
  5 ice beasts
  A necrophage (D:7)
  4 ogres
  3 wolves (Lair:3)
  5 boggarts (D:12)
  7 centaurs
  7 crocodiles
  2 big kobolds (D:9)
  Blork the orc (D:4)
  20 bullfrogs
  A wyvern zombie (D:10)
  A wyvern skeleton (D:15)
  33 killer bees
  12 scorpions
  A troll zombie (D:11)
  4 howler monkeys
  8 wights
  2 electric eels
  A small abomination (Abyss:2)
  A centaur zombie (D:8)
  4 starcursed masses (Abyss:2)
  A bullfrog zombie (D:7)
  5 jellies
  4 hounds
  11 orc wizards
  A quasit (D:10)
  9 orc priests
  2 bullfrog skeletons
  An iguana (D:7)
  7 worker ants
  7 ogre zombies (D:11)
  2 hound zombies
  3 gnolls (D:6)
  8 adders
  3 shadow imps
  7 white imps
  An ufetubus (D:6)
  2 adder zombies
  4 worms
  4 leopard geckos
  63 orcs
  3 giant cockroaches
  4 goblins
  7 jackals
  3 quokkas
  A ball python (D:5)
  A ball python skeleton (D:5)
  6 bats
  A frilled lizard (D:1)
  A goblin skeleton (D:11)
  2 goblin zombies (D:11)
  3 hobgoblin skeletons (D:11)
  10 kobolds
  6 orc skeletons (D:11)
  13 orc zombies (D:11)
  3 quokka skeletons
  A quokka zombie (D:5)
  4 rats (D:5)
578 creatures vanquished.

Vanquished Creatures (others)
  30 fungi
  A lurking horror (Abyss:2)
  23 plants
54 creatures vanquished.

Grand Total: 632 creatures vanquished

Notes
Turn   | Place    | Note
-------+----------+-------------------------------------------
     0 | D:1      | Flugslaktarn the Minotaur Fighter began the quest for the
                  | Orb.
     0 | D:1      | Reached XP level 1. HP: 19/19 MP: 0/0
   122 | D:2      | Reached XP level 2. HP: 27/27 MP: 1/1
   123 | D:2      | Found a snail-covered altar of Cheibriados.
   135 | D:2      | Became a worshipper of Cheibriados the Contemplative
   166 | D:3      | Reached skill level 4 in Fighting
   380 | D:3      | Reached XP level 3. HP: 27/33 MP: 2/2
   590 | D:4      | Reached XP level 4. HP: 41/41 MP: 3/3
   595 | D:4      | Reached * piety under Cheibriados
   692 | D:4      | Noticed Blork the orc
   707 | D:4      | Reached skill level 5 in Fighting
   707 | D:4      | Reached XP level 5. HP: 20/48 MP: 4/4
   709 | D:4      | Killed Blork the orc
  1076 | D:4      | Noticed an ogre
  1080 | D:4      | Reached XP level 6. HP: 48/56 MP: 5/5
  1089 | D:4      | Reached skill level 5 in Axes
  1098 | D:4      | Reached skill level 6 in Fighting
  1098 | D:4      | Reached skill level 5 in Armour
  1100 | D:4      | Reached skill level 5 in Shields
  1100 | D:4      | Reached XP level 7. HP: 14/63 MP: 6/6
  1580 | D:4      | Reached ** piety under Cheibriados
  1771 | D:5      | Entered Level 5 of the Dungeon
  1903 | D:5      | Noticed a moth of wrath
  1905 | D:5      | Found a bloodstained altar of Trog.
  2171 | D:5      | Reached skill level 7 in Fighting
  2466 | D:5      | Reached XP level 8. HP: 73/73 MP: 7/7
  2528 | D:5      | Reached *** piety under Cheibriados
  3123 | D:6      | Reached skill level 1 in Dodging
  3123 | D:6      | Reached skill level 1 in Invocations
  3242 | D:6      | Found a staircase to the Ecumenical Temple.
  3262 | D:6      | Reached skill level 8 in Fighting
  3997 | D:7      | Reached **** piety under Cheibriados
  4084 | D:7      | Noticed Prince Ribbit
  4089 | D:7      | Reached XP level 9. HP: 82/82 MP: 9/9
  4133 | D:7      | Killed Prince Ribbit
  4836 | D:8      | Noticed Harold
  4844 | D:8      | Killed Harold
  4844 | D:8      | Reached skill level 9 in Fighting
  5061 | D:8      | Found a shattered altar of Ashenzari.
  5237 | D:8      | Found a hide-covered altar of Uskayaw.
  5401 | D:8      | Noticed Joseph
  5409 | D:8      | Killed Joseph
  5409 | D:8      | Reached skill level 10 in Fighting
  5409 | D:8      | Reached XP level 10. HP: 91/93 MP: 11/11
  5811 | D:9      | Noticed Psyche
  5818 | D:9      | Killed Psyche
  5825 | D:8      | Reached ***** piety under Cheibriados
  5910 | D:9      | Reached skill level 10 in Axes
  6221 | D:9      | Found a runed translucent gate.
  6228 | D:9      | Found a runed translucent gate.
  6228 | D:9      | Found a runed translucent gate.
  6229 | D:9      | Noticed Jaegizoku's ghost (journeyman HaHu)
  6231 | D:9      | Identified the +2 plate armour "Neittuj" {rC+}
  6232 | D:9      | Found a roughly hewn altar of Beogh.
  6277 | D:9      | Killed Jaegizoku's ghost
  6280 | D:9      | Reached skill level 5 in Dodging
  6282 | D:9      | Reached skill level 11 in Fighting
  6306 | D:9      | Got a dazzling chain mail
  6317 | D:9      | Identified the cursed +1 chain mail of Meguless {rC+ rN+
                  | Regen+ Dex-4} (You found it on level 9 of the Dungeon)
  6423 | D:9      | Reached XP level 11. HP: 72/102 MP: 13/13
  6604 | D:9      | Found a staircase to the Lair.
  6809 | D:10     | Entered Level 10 of the Dungeon
  7368 | D:10     | Reached skill level 5 in Invocations
  7821 | Lair:1   | Entered Level 1 of the Lair of Beasts
  7836 | Lair:1   | Reached ****** piety under Cheibriados
  8123 | Lair:1   | Reached skill level 12 in Fighting
  8982 | Lair:2   | Found a staircase to the Swamp.
  9221 | Lair:2   | Reached XP level 12. HP: 86/113 MP: 15/15
  9642 | Lair:2   | Noticed Fannar
  9655 | Lair:2   | Killed Fannar
  9655 | Lair:2   | Reached skill level 13 in Fighting
 10428 | Lair:3   | Reached skill level 10 in Armour
 10440 | Lair:3   | Noticed an eight-headed hydra
 10449 | Lair:3   | Killed a nine-headed hydra
 10449 | Lair:3   | Reached skill level 10 in Shields
 10759 | Lair:3   | Noticed Sonja
 10782 | Lair:3   | Killed Sonja
 11522 | Lair:4   | Reached XP level 13. HP: 111/123 MP: 17/17
 11722 | Lair:4   | Found a hole to the Spider Nest.
 11868 | Lair:4   | Noticed Snorg
 11876 | Lair:4   | Killed Snorg
 12005 | Lair:4   | Reached skill level 14 in Fighting
 13275 | D:11     | Found a staircase to the Orcish Mines.
 13340 | D:11     | Found a sacrificial altar of Ru.
 13882 | D:12     | HP: 6/125 [skeletal warrior/+0 trident[a death knight]
                  | (16)]
 13884 | D:12     | HP: 2/125 [skeletal warrior/+0 trident[a death knight] (4)]
 15829 | D:14     | Found a gate to the Vaults.
 15834 | D:14     | Reached skill level 15 in Fighting
 15834 | D:14     | Reached XP level 14. HP: 122/135 MP: 5/19
 16345 | D:14     | Reached skill level 15 in Axes
 16581 | D:14     | Found an iron altar of Okawaru.
 16758 | D:15     | Entered Level 15 of the Dungeon
 17367 | D:15     | Found a sacrificial altar of Ru.
 17579 | D:15     | Cast into level 2 of the Abyss (a wizard)
 17635 | Abyss:2  | Noticed a starcursed mass
 17709 | Abyss:2  | Noticed a revenant
 17715 | Abyss:2  | HP: 6/136 [revenant/ghostly fireball (36)]
 17718 | Abyss:2  | Killed a revenant
 17718 | Abyss:2  | Reached skill level 16 in Fighting
 17729 | Abyss:2  | Slain by an ancient zyme

Illustrated notes

Levels and vault maps discovered:
D:1:      shiori_arrival_maze, layout_loops_ring, minmay_tromino_v4_c
D:2:      layout_basic, lemuel_crystal_altar, fedhas_altar_1,
          minmay_misc_feat_room
D:3:      layout_loops_ring
D:4:      old_forge, layout_cave_pools, uniq_blork_the_orc
D:5:      layout_basic, tgw_trog, minmay_misc_feat_diagonals, st_stairs_14
D:6:      layout_cave_pools, minmay_temple_entry_sparse_star
D:7:      layout_loops_ring, uniq_prince_ribbit1
D:8:      layout_basic, old_standard_altar, cheibrodos_ashenzari_chains,
          uniq_joseph, uniq_harold
D:9:      layout_rooms, erik_lair_dragon, biasface_ghost_orc_armoury,
          minmay_increasing_density, uniq_psyche
D:10:     layout_basic, interstate_on_off, hex_tiny, minmay_tree_intersection,
          serial_bayou_lake_a
D:11:     layout_loops_ring, zombieorc2_lemuel, nrook_loot_triangle,
          pf_just_have_faith
D:12:     layout_loops_ring
D:13:     layout_grid_maze
D:14:     layout_loops_corners, david_vaults_3, basic_altar,
          minmay_misc_feat_doors
D:15:     grunt_enter_depths_magical_seal, layout_rooms,
          nicolae_ru_sacrificial_ziggurat, special_room [special_room_bee]
Lair:1:   layout_regular_city, grunt_megastairs_4
Lair:2:   layout_layer_cave, minmay_swamp_entry_worms, minivault_25,
          beast_lair_carwin_7, lemuel_fruit_fields, serial_bayou_shore_b,
          uniq_fannar
Lair:3:   layout_gridlike, uniq_sonja
Lair:4:   layout_regular_city, spider_nest_entry_webs, serial_bayou_shore_a,
          uniq_snorg
Abyss:2:  base:
D:7

Skill      XL: |  1  2  3  4  5  6  7  8  9 10 11 12 13 14 |
---------------+-------------------------------------------+-----
Fighting       | 4 5 6 7 8 10 11 12 13 15 16 | 16.0
Axes           | 3 4 5 6 8 9 10 12 13 14 15 | 15.8
Armour         | 4 5 6 7 8 9 10 11 | 11.9
Shields        | 4 5 6 7 8 9 10 11 | 11.9
Dodging        | 2 4 5 6 7 8 9 |  9.7
Invocations    | 2 3 4 5 7 8 9 |  9.0

Action                   |  1- 3 |  4- 6 |  7- 9 | 10-12 | 13-15 || total
-------------------------+-------+-------+-------+-------+-------++-------
Melee: War axe           |    53 |    63 |   216 |   351 |   452 ||  1135
       Headbutt          |     5 |    16 |    62 |   132 |   168 ||   383
Invok: Slouch            |       |       |       |     1 |     4 ||     5
       Temporal Distorti |       |       |       |       |     1 ||     1
Evoke: Wand              |       |       |       |     4 |     3 ||     7
  Use: Scroll            |       |     4 |     7 |    10 |     6 ||    27
       Potion            |       |     2 |       |     2 |     3 ||     7
 Stab: Distracted        |       |       |       |       |     1 ||     1
Armor: Scale mail        |    30 |    11 |       |       |       ||    41
       Chain mail        |       |    22 |    62 |       |       ||    84
       Plate armour      |       |       |     5 |   129 |   125 ||   259
Dodge: Dodged            |    15 |    13 |    64 |   144 |   209 ||   445
Block: Kite shield       |    27 |    33 |   151 |   300 |   364 ||   875

Table legend: (Time is in decaauts)
 A = Elapsed time spent in this place.
 B = Non-inter-level travel time spent in this place.
 C = Inter-level travel time spent in this place.
 D = Time resting spent in this place.
 E = Time spent auto-exploring this place.
 F = Levels seen in this place.
 G = Mean time per level.
                   A        B        C        D        E       F      G
               +--------+--------+--------+--------+--------+-----+--------+
         Total |  26922 |  25626 |   1296 |   1086 |  21613 |  20 | 1346.1 |
       Dungeon |  18885 |  17925 |    960 |   1086 |  14654 |  15 | 1259.0 |
          Lair |   7826 |   7490 |    336 |      0 |   6866 |   4 | 1956.5 |
         Abyss |    210 |    210 |      0 |      0 |     92 |   1 |  210.0 |
               +--------+--------+--------+--------+--------+-----+--------+

Top non-repeatable levels by time:
  Lair:2: 2383 daAuts
    D:10: 1918 daAuts
  Lair:3: 1852 daAuts
  Lair:1: 1819 daAuts
     D:9: 1817 daAuts
  Lair:4: 1771 daAuts
     D:8: 1770 daAuts
     D:5: 1750 daAuts
    D:12: 1655 daAuts
    D:14: 1568 daAuts
    D:13: 1456 daAuts
    D:11: 1418 daAuts
     D:4: 1399 daAuts
     D:7: 1277 daAuts
     D:6: 1137 daAuts
